 Dungeon Crawl Stone Soup version 0.27-a0-263-gc8dee61f84 (webtiles) character file.

Game seed: 15844670891919278384

280 knot the Chopper (level 6, 37/47 HPs)
             Began as a Demonspawn Berserker on Feb 5, 2021.
             Was a Priest of Trog.
             Quit the game on level 4 of the Dungeon.
             The game lasted 00:03:32 (3793 turns).

knot the Chopper (Demonspawn Berserker)             Turns: 3793, Time: 00:03:33

Health: 37/47      AC: 12    Str: 18    XL:     6   Next: 5%
Magic:  6/6        EV:  9    Int: 10    God:    Trog [***...]
Gold:   289        SH:  0    Dex: 12    Spells: 5/5 levels left

rFire    . . .     SeeInvis +   a - +0 hand axe
rCold    . . .     Faith    .   (no shield)
rNeg     . . .     Spirit   .   u - +0 chain mail
rPois    .         Reflect  .   (no helmet)
rElec    .         Harm     .   (no cloak)
rCorr    .         Rampage  .   y - +2 pair of gloves
Will     .....                  t - +0 pair of boots
Stlth    ..........             (no amulet)
HPRegen  0.15/turn              k - ring of see invisible
MPRegen  0.10/turn              m - ring of attention (curse)

@: no status effects
A: spiny 1, sturdy frame 2
a: Renounce Religion, Berserk, Trog's Hand


You were on level 4 of the Dungeon.
You worshipped Trog.
Trog was most pleased with you.
You visited 1 branch of the dungeon, and saw 4 of its levels.

You collected 289 gold pieces.

Inventory:

Hand Weapons
 a - a +0 hand axe (weapon)
Missiles
 b - 10 poisoned darts (quivered)
 i - 75 stones
 n - 71 sling bullets
Armour
 t - a +0 pair of boots (worn)
 u - a +0 chain mail (worn)
 y - a +2 pair of gloves (worn)
Jewellery
 d - an uncursed ring of ice
 k - a ring of see invisible (left hand)
 m - a cursed ring of attention (right hand)
 x - an uncursed ring of ice
Scrolls
 e - 2 scrolls of remove curse {unknown}
 f - 2 scrolls of identify {unknown}
 g - a scroll of fear {unknown}
 h - a scroll of amnesia {unknown}
 l - 2 scrolls of fog {unknown}
 r - 2 scrolls of magic mapping {unknown}
 s - a scroll of teleportation {unknown}
Potions
 c - 2 potions of curing {unknown}
 j - a potion of heal wounds {unknown}
 o - a potion of ambrosia {unknown}
 p - a potion of lignification {unknown}
 q - 2 potions of flight {unknown}
 v - a potion of degeneration {unknown}
 w - a potion of berserk rage {unknown}


   Skills:
 - Level 3.0 Fighting
 * Level 5.2 Axes
 * Level 3.1 Throwing
 - Level 1.7 Armour
 - Level 1.7 Dodging


You had 5 spell levels left.
You didn't know any spells.
Your spell library was empty.

Dungeon Overview and Level Annotations

Branches:
Dungeon (4/15)
 Temple: D:4-7

Altars:
Fedhas


Innate Abilities, Weirdness & Mutations

You are partially covered in sharp spines.
Your movements are less encumbered by armour. (ER -4)


Message History

You barely miss the phantom.
The phantom is almost destroyed.
The phantom barely misses you.
You closely miss the phantom.
The phantom is almost destroyed.
The phantom barely misses you.
You closely miss the phantom.
The phantom is almost destroyed.
The phantom hits you but does no damage.
You hit the phantom.
You destroy the phantom!
Trog accepts your kill.
Your Axes skill increases to level 5!
Your Throwing skill increases to level 3!
You have reached level 6!
Your experience leads to an increase in your attributes!
Increase (S)trength, (I)ntelligence, or (D)exterity?
You feel clever.
Your demonic ancestry asserts itself...
Sharp spines emerge from parts of your body.
Are you sure you want to abandon this character and quit the game? (Confirm with "yes".)

# #. #.# #..#
#..#######
#####......<#
......(.###.#
.......@# #>#
!.......###..
..........####
.[..>...#.#####..#
####.####........#
#. ########.. #.


There were no monsters in sight!

Vanquished Creatures
  A phantom (D:4)
  Terence (D:3)
  3 adders (D:3)
  8 gnolls
  An adder skeleton (D:3)
  A worm (D:2)
  2 dart slugs
  A leopard gecko (D:3)
  6 orcs
  6 bats
  7 giant cockroaches
  5 goblins
  6 hobgoblins
  4 jackals (D:1)
  3 kobolds (D:1)
  2 quokkas
  A ball python (D:1)
  2 frilled lizards
  7 rats
67 creatures vanquished.

Notes
Turn   | Place    | Note
-------+----------+-------------------------------------------
     0 | D:1      | knot the Demonspawn Berserker began the quest for the Orb.
     0 | D:1      | Reached XP level 1. HP: 18/18 MP: 1/1
   217 | D:1      | Reached skill level 3 in Axes
   291 | D:1      | Gained mutation: Your movements are slightly less
                  | encumbered by armour. (ER -2) [demonic ancestry]
   291 | D:1      | Reached XP level 2. HP: 15/24 MP: 2/2
   849 | D:1      | Reached ** piety under Trog
   929 | D:1      | Gained mutation: Your movements are less encumbered by
                  | armour. (ER -4) [demonic ancestry]
   929 | D:1      | Reached XP level 3. HP: 17/29 MP: 3/3
  1378 | D:2      | Found a blossoming altar of Fedhas.
  1409 | D:2      | Reached skill level 4 in Axes
  1411 | D:2      | Reached skill level 1 in Throwing
  1442 | D:2      | Reached XP level 4. HP: 29/35 MP: 4/4
  2774 | D:3      | Reached XP level 5. HP: 41/41 MP: 5/5
  3344 | D:3      | Noticed Terence
  3356 | D:3      | Killed Terence
  3361 | D:3      | Reached *** piety under Trog
  3774 | D:4      | Noticed a phantom
  3792 | D:4      | Killed a phantom
  3793 | D:4      | Reached skill level 5 in Axes
  3793 | D:4      | Gained mutation: You are partially covered in sharp spines.
                  | [demonic ancestry]
  3793 | D:4      | Reached XP level 6. HP: 37/47 MP: 6/6
  3793 | D:4      | Quit the game

Illustrated notes

Levels and vault maps discovered:
D:1:      amcnicky_arrival_double_pillar, layout_loops_ring, corner_web_ring
D:2:      layout_rooms, nicolae_overflow_hidden_temple, st_stairs_14,
          kennysheep_generic_room_9
D:3:      layout_rooms, uniq_terence
D:4:      layout_rooms, makhleb_altar_promises_db, nzn_hepliaklqana_mist_gate,
          old_standard_altar, uniq_crazy_yiuf_cottage, uniq_natasha,
          uniq_menkaure

Skill      XL: |  1  2  3  4  5 |
---------------+----------------+-----
Axes           | 3 4 5 |  5.2
Throwing       | 1 2 3 |  3.1
Fighting       | |  3.0
Armour         | |  1.7
Dodging        | |  1.7

Action                   |  1- 3 |  4- 6 || total
-------------------------+-------+-------++-------
Melee: Hand axe          |    64 |   130 ||   194
Throw: Dart              |     9 |    17 ||    26
Invok: Berserk           |     2 |     3 ||     5
 Stab: Sleeping          |     3 |       ||     3
Armor: Animal skin       |    11 |       ||    11
       Leather armour    |     4 |    11 ||    15
       Chain mail        |       |    33 ||    33
Dodge: Dodged            |    48 |    60 ||   108

Table legend: (Time is in decaauts)
 A = Elapsed time spent in this place.
 B = Non-inter-level travel time spent in this place.
 C = Inter-level travel time spent in this place.
 D = Time resting spent in this place.
 E = Time spent auto-exploring this place.
 F = Levels seen in this place.
 G = Mean time per level.
                   A        B        C        D        E       F      G
               +--------+--------+--------+--------+--------+-----+--------+
         Total |   3849 |   3720 |    129 |   1205 |   2029 |   4 |  962.2 |
       Dungeon |   3849 |   3720 |    129 |   1205 |   2029 |   4 |  962.2 |
               +--------+--------+--------+--------+--------+-----+--------+

Top non-repeatable levels by time:
     D:1: 1336 daAuts
     D:2: 1264 daAuts
     D:3: 1227 daAuts
     D:4: 21 daAuts
